 Dungeon Crawl Stone Soup version 0.30-a0-743-gbfdf073431 (webtiles) character file.

Game seed: 13050496992982796416

793 Iich the Ruffian (level 7, -15/71 HPs)
             Began as a Troll Fighter on Feb 6, 2023.
             Was a Follower of Okawaru.
             Demolished by Duvessa
             ... wielding a +0 short sword of freezing
              (16 damage)
             ... on level 5 of the Dungeon.
             The game lasted 00:08:07 (3343 turns).

Iich the Ruffian (Troll Fighter)                    Turns: 3343, Time: 00:08:07

Health: -15/71     AC:  4    Str: 25    XL:     7   Next: 57%
Magic:  6/6        EV:  8    Int: 10    God:    Okawaru [*.....]
Gold:   260        SH: 10    Dex: 11    Spells: 6/6 levels left

rFire   . . .      SeeInvis +      - Unarmed
rCold   . . .      Faith    .    b - +2 kite shield
rNeg    . . .      Spirit   .    a - +0 robe
rPois   .          Reflect  .    (helmet restricted)
rElec   .          Harm     .    (no cloak)
rCorr   .          Rampage  .    (gloves unavailable)
Will    .....                    (boots unavailable)
Stlth   +                        (no amulet)
HPRegen 1.11/turn                e - ring of see invisible
MPRegen 0.10/turn                d - +6 ring of intelligence

@: hasted, very quick
A: large, unfitting armour, claws 3, regeneration 1, shaggy fur 1, tough skin 1
a: Renounce Religion, Heroism


You were on level 5 of the Dungeon.
You worshipped Okawaru.
Okawaru was aware of your devotion.
You visited 2 branches of the dungeon, and saw 6 of its levels.

You collected 260 gold pieces.

Inventory:

Armour
 a - a +0 robe (worn)
 b - a +2 kite shield (worn)
Jewellery
 d - a +6 ring of intelligence (right claw)
 e - a ring of see invisible (left claw)
 f - a ring of magical power
Wands
 t - a wand of roots (13)
 u - a wand of flame (16)
Scrolls
 g - a scroll of fog
 i - 2 scrolls of teleportation
 k - a scroll of vulnerability
 l - 2 scrolls of noise
 m - 2 scrolls of magic mapping
 n - a scroll of enchant armour
 p - a scroll of silence {unknown}
 w - a scroll of fear {unknown}
 x - a scroll of immolation {unknown}
Potions
 c - 2 potions of might
 h - a potion of degeneration {unknown}
 o - a potion of lignification {unknown}
 q - a potion of heal wounds {unknown}
 s - a potion of mutation {unknown}
 v - a potion of attraction {unknown}
 z - a potion of cancellation {unknown}


   Skills:
 + Level 4.7 Fighting
 - Level 2.4 Dodging
 - Level 2.6 Shields
 * Level 7.2 Unarmed Combat


You had 6 spell levels left.
You didn't know any spells.
Your spell library contained the following spells:

 Spells                   Type           Power      Damage    Failure   Level
 Beastly Appendage        Tmut           0%         N/A       67%         1
 Lesser Beckoning         Tloc           0%         N/A       80%         2
 Wereblood                Tmut           0%         N/A       80%         2
 Gell's Gravitas          Tloc           0%         N/A       95%         3
 Spider Form              Tmut/Pois      0%         N/A       95%         3
 Teleport Other           Tloc           0%         N/A       95%         3


Dungeon Overview and Level Annotations

Branches:
Dungeon (5/15)             Temple (1/1) D:4

Altars:
Dithmenos
Kikubaaqudgha
Nemelex Xobeh
Okawaru
Qazlal
Uskayaw
Vehumet
Xom
Zin

Annotations:
D:5 Duvessa


Innate Abilities, Weirdness & Mutations

You are too large for most types of armour.
You have claws for hands.
Your natural rate of healing is unusually fast.
You are covered in fur. (AC +1)
You have tough skin. (AC +1)


Message History

You claw Dowan!
You kill Dowan!
Okawaru accepts your kill.
Duvessa screams in rage.
Duvessa goes berserk!
You claw Duvessa!
Duvessa is lightly wounded.
You block Duvessa's attack. x2
You closely miss Duvessa.
Duvessa is lightly wounded.
You block Duvessa's attack.
You closely miss Duvessa.
Duvessa is lightly wounded.
Duvessa hits you with a +0 short sword of freezing!
Duvessa freezes you! You block Duvessa's attack.
You are too injured to fight recklessly!
You claw Duvessa!
Duvessa is moderately wounded.
Duvessa hits you with a +0 short sword of freezing!
Duvessa freezes you.
You claw Duvessa!
Duvessa is moderately wounded.
Duvessa hits you with a +0 short sword of freezing!
* * * LOW HITPOINT WARNING * * *
Duvessa freezes you.
* * * LOW HITPOINT WARNING * * *
You block Duvessa's attack.
You feel yourself speed up.
Duvessa hits you with a +0 short sword of freezing!
* * * LOW HITPOINT WARNING * * *
Duvessa freezes you.
* * * LOW HITPOINT WARNING * * *
You feel better.
Duvessa hits you with a +0 short sword of freezing!
* * * LOW HITPOINT WARNING * * *
Duvessa freezes you.
* * * LOW HITPOINT WARNING * * *
Duvessa attacks as you move away!
Duvessa hits you with a +0 short sword of freezing!
You die...

.....................#.........#.
#####............##..#...........
# #..##........###.............
## ##..#..........##.....#.......
.###...#.................#.......
..#............#.........###.....
............#..#........####.....
#..######...####.................
...# .......@................
#..# ...#..)e...#.#..........
#..# ...........###..........
.... ........................
..... .........##...#.........
#.... .............##.........
##... ......)......#...)....##
.....................##
...............#


You could see Duvessa (berserk).

Vanquished Creatures
  2 ice beasts (D:5)
  An ogre (D:5)
  2 scorpions
  Dowan (D:5)
  2 hounds (D:4)
  An orc priest (D:4)
  3 iguanas
  3 orc wizards
  An adder (D:5)
  A dart slug (D:5)
  15 orcs
  4 ball pythons
  9 endoplasms
  3 giant cockroaches
  8 goblins
  5 hobgoblins
  9 jackals
  6 quokkas
  6 bats
  2 frilled lizards
  7 kobolds
  8 rats
99 creatures vanquished.

Notes
Turn   | Place    | Note
-------+----------+-------------------------------------------
     0 | D:1      | Iich the Troll Fighter began the quest for the Orb.
     0 | D:1      | Reached XP level 1. HP: 22/22 MP: 0/0
   199 | D:1      | Reached XP level 2. HP: 29/29 MP: 1/1
   682 | D:2      | Reached skill level 3 in Unarmed Combat
   824 | D:2      | Reached XP level 3. HP: 29/36 MP: 2/2
  1431 | D:3      | Found a sparkling altar of Nemelex Xobeh.
  1730 | D:3      | Reached XP level 4. HP: 45/45 MP: 3/3
  2075 | D:4      | Reached skill level 4 in Unarmed Combat
  2089 | D:4      | Reached XP level 5. HP: 53/53 MP: 4/4
  2195 | D:4      | Reached skill level 5 in Unarmed Combat
  2202 | D:4      | Reached XP level 6. HP: 39/62 MP: 5/5
  2306 | D:4      | Found a staircase to the Ecumenical Temple.
  2316 | Temple   | Entered the Ecumenical Temple
  2412 | Temple   | Became a worshipper of Warmaster Okawaru
  2924 | D:5      | Entered Level 5 of the Dungeon
  3021 | D:5      | Reached skill level 6 in Unarmed Combat
  3070 | D:5      | Noticed an ice beast
  3084 | D:5      | Killed an ice beast
  3085 | D:5      | Reached XP level 7. HP: 61/70 MP: 6/6
  3195 | D:5      | Reached * piety under Okawaru
  3280 | D:5      | Reached skill level 7 in Unarmed Combat
  3328 | D:5      | Found the +8 lance "Wyrmbane" {slay drac, rPois rF+ rC+
                  | AC+3}
  3330 | D:5      | Noticed Dowan
  3331 | D:5      | Noticed Duvessa
  3335 | D:5      | Killed Dowan
  3342 | D:5      | HP: 3/71 [Duvessa/+0 short sword of freezing (11)]
  3342 | D:5      | HP: 1/71 [Duvessa/+0 short sword of freezing (2)]
  3343 | D:5      | Demolished by Duvessa

Illustrated notes

Levels and vault maps discovered:
D:1:      amcnicky_arrival_feature_with_door, layout_basic
D:2:      layout_loops_ring, st_stairs_2
D:3:      layout_loops_ring, general_overflow_altar
D:4:      layout_basic, minmay_temple_entry_poolview
D:5:      layout_cave_pools, hangedman_decor_growths, uniq_duvessa
Temple:   dpeg_chambers_temple

Skill      XL: |  1  2  3  4  5  6  7 |
---------------+----------------------+-----
Unarmed Combat | 3 4 5 6 7 |  7.2
Fighting       | 3 4 |  4.7
Dodging        | |  2.4
Shields        | |  2.6

Action                     |  1- 3 |  4- 6 |  7- 9 || total
---------------------------+-------+-------+-------++-------
  Melee: Unarmed           |   138 |   130 |    28 ||   296
    Use: Scroll            |     6 |     1 |       ||     7
         Potion            |       |     1 |     3 ||     4
   Stab: Sleeping          |     2 |       |       ||     2
 Armour: Robe              |    45 |    35 |     3 ||    83
  Dodge: Dodged            |    34 |    46 |     3 ||    83
  Block: Kite shield       |    49 |    96 |    11 ||   156

Table legend: (Time is in decaauts)
 A = Elapsed time spent in this place.
 B = Non-inter-level travel time spent in this place.
 C = Inter-level travel time spent in this place.
 D = Time resting spent in this place.
 E = Time spent auto-exploring this place.
 F = Levels seen in this place.
 G = Mean time per level.
                   A        B        C        D        E       F      G
               +--------+--------+--------+--------+--------+-----+--------+
         Total |   3343 |   3238 |    105 |    107 |   2420 |   6 |  557.2 |
       Dungeon |   3213 |   3126 |     87 |    107 |   2345 |   5 |  642.6 |
        Temple |    129 |    111 |     18 |      0 |     75 |   1 |  129.0 |
               +--------+--------+--------+--------+--------+-----+--------+

Top non-repeatable levels by time:
     D:3: 753 daAuts
     D:4: 744 daAuts
     D:1: 682 daAuts
     D:2: 627 daAuts
     D:5: 404 daAuts
  Temple: 129 daAuts
